 Dungeon Crawl Stone Soup version 0.21.1-1-g345015fe64 (webtiles) character file.

7474 PikkenKukken the Quickloader (level 10, -8/86 HPs)
             Began as a Centaur Hunter on June 23, 2018.
             Was a High Priest of Okawaru.
             Mangled by kaisn's ghost (24 damage)
             ... on level 9 of the Dungeon.
             The game lasted 00:44:24 (13500 turns).

PikkenKukken the Quickloader (Centaur Hunter)      Turns: 13500, Time: 00:44:25

Health: -8/86      AC: 21    Str: 20      XL:     10   Next: 94%
Magic:  0/10       EV:  9    Int: 10      God:    Okawaru [*****.]
Gold:   333        SH:  0    Dex: 11 (13) Spells: 9/9 levels left

rFire    + + +     SeeInvis .   b - +2 scimitar (elec)
rCold    . . .     Gourm    .   (no shield)
rNeg     . . .     Faith    .   o - +4 ring mail
rPois    +         Spirit   +   J - +1 hat {MR+}
rElec    .         Reflect  .   G - +1 cloak {rPois}
rCorr    .         Harm     .   g - +0 pair of gloves
MR       +....     Clarity  +   H - +1 centaur barding {rF+}
Stlth    ..........             w - amulet of guardian spirit
HPRegen  0.24/turn              h - ring of protection from fire
MPRegen  0.12/turn              u - ring of protection from fire

@: mighty, very quick
A: large, hooves 3, clarity, deformed body, speed 2, tough skin 3
a: Heroism, Finesse, Renounce Religion


You were on level 9 of the Dungeon.
You worshipped Okawaru.
Okawaru was extremely pleased with you.
You were not hungry.

You visited 2 branches of the dungeon, and saw 10 of its levels.

You collected 381 gold pieces.
You spent 48 gold pieces at shops.

Inventory:

Hand Weapons
 a - a +2 hand crossbow
 b - a +2 scimitar of electrocution (weapon)
 D - a +0 shortbow
Missiles
 k - 67 arrows
 E - 83 bolts
Armour
 c - a +0 troll leather armour
 g - a +0 pair of gloves (worn)
 o - a +4 ring mail (worn)
 C - a scarf of cloud immunity
 G - a +1 cloak of poison resistance (worn)
 H - a +1 centaur barding of fire resistance (worn)
 J - a +1 hat of magic resistance (worn)
Jewellery
 h - a ring of protection from fire (left hand)
 t - an uncursed ring of stealth
 u - a ring of protection from fire (right hand)
 w - an amulet of guardian spirit (around neck)
 x - an uncursed ring of fire {unknown}
 y - an uncursed ring of protection from fire
Wands
 i - a wand of flame (44)
 n - a wand of clouds (7)
 v - a wand of scattershot (11)
Scrolls
 j - 5 scrolls of identify
 m - a scroll of fear
 p - 4 scrolls of teleportation
 q - 3 scrolls of magic mapping
 r - 2 scrolls of remove curse
 B - a scroll of blinking
 F - a scroll of fog
 I - a scroll of immolation {unknown}
Potions
 e - a potion of curing
 l - 4 potions of flight
 z - a potion of cancellation
Books
 s - a book of Minor Magic

   Spells                             Type                      Level
   a - Magic Dart                     Conjuration                  1
   b - Blink                          Translocation                2
   c - Call Imp                       Summoning                    2
   d - Slow                           Hexes                        2
   e - Conjure Flame                  Conjuration/Fire             3
   f - Mephitic Cloud                 Conjuration/Poison/Air       3
 A - a book of Callings

   Spells                             Type                      Level
   a - Summon Small Mammal            Summoning                    1
   b - Call Imp                       Summoning                    2
   c - Call Canine Familiar           Summoning                    3
   d - Summon Guardian Golem          Hexes/Summoning              3
   e - Summon Lightning Spire         Summoning/Air                4
   f - Summon Ice Beast               Ice/Summoning                4
Comestibles
 f - 14 rations


   Skills:
 + Level 7.3 Fighting
   Level 1.4 Short Blades
 + Level 0.3(1.0) Long Blades
   Level 3.0 Polearms
 - Level 2.1 Bows
 - Level 10.1 Crossbows
 + Level 6.6 Armour
 + Level 6.5 Dodging
 - Level 0.4 Stealth


You had 9 spell levels left.
You didn't know any spells.

Dungeon Overview and Level Annotations

Branches:
Dungeon (9/15)             Temple (1/1) D:5
   Lair: D:8-11         Orc: D:9-12

Altars:
Cheibriados
Dithmenos
Fedhas
Hepliaklqana
Kikubaaqudgha
Makhleb
Okawaru
Ru
Trog
Uskayaw
Vehumet
Xom
Yredelemnul

Shops:
D:7 (

Annotations:
D:9 kaisn's ghost, journeyman MiBe


Innate Abilities, Weirdness & Mutations

You have hooves in place of feet.
Armour fits poorly on your strangely shaped body.
You cover ground very quickly.
You have extremely tough skin. (AC +3)
You possess an exceptional clarity of mind.


Message History

You feel like a meek peon again. Kaisn's ghost hits you!
You hit kaisn's ghost.
Lightning courses through kaisn's ghost!
Your kick misses kaisn's ghost.
Kaisn's ghost is heavily damaged.
Kaisn's ghost hits you!
You hit kaisn's ghost but do no damage.
Lightning courses through kaisn's ghost!
You kick kaisn's ghost, but do no damage.
Kaisn's ghost is severely damaged.
Kaisn's ghost hits you! Kaisn's ghost hits you!!
* * * LOW HITPOINT WARNING * * *
You hit kaisn's ghost but do no damage. You kick kaisn's ghost.
Kaisn's ghost is severely damaged.
Kaisn's ghost hits you.
* * * LOW HITPOINT WARNING * * *
You feel very mighty all of a sudden. Kaisn's ghost hits you!!
You die...

##.......##.....)......# #
#...####...............#####
#..## #####.####.[#.(.)).(
#..# ########.##..)...######
#..###........##.....)######
#........................W..
#.....##.######...(....)######
#.#..###.#####.........[#
#.#..........@W(.(##..#># #
##.###.#####...###..#.#
#.....# ##.####..#.# ####..#
#.# #.....# #..# ##(###.###.#
#..# #......# #.#
#..#####.(###.###.#
#........(.##..)..#
#######......)..####


You could see kaisn's ghost.

Vanquished Creatures
  Gastronok (D:8)
  A two-headed ogre (D:8)
  Maurice (D:8)
  2 trolls
  A hornet (D:8)
  A human (D:7)
  2 hungry ghosts
  4 hogs
  A water moccasin (D:7)
  A sky beast (D:6)
  7 ogres
  4 necrophages
  4 centaurs
  2 big kobolds
  6 bullfrogs
  A water moccasin zombie (D:5)
  2 scorpions
  4 wights
  A howler monkey (D:6)
  A crimson imp (D:8)
  2 bullfrog zombies
  3 hounds
  5 orc priests
  A jelly (D:6)
  Jessica (D:2)
  An iguana (D:8)
  4 orc wizards
  7 worker ants
  A hound zombie (D:6)
  A mummy (D:9)
  2 worker ant zombies
  12 adders
  6 gnolls
  2 shadow imps
  An ooze (D:4)
  2 adder skeletons
  An adder zombie (D:9)
  3 worms
  A dart slug (D:1)
  3 leopard geckos
  33 orcs
  4 giant cockroaches
  5 hobgoblins
  12 jackals
  5 quokkas
  2 ball pythons
  A ball python skeleton (D:6)
  10 bats
  6 frilled lizards
  8 goblins
  A jackal zombie (D:8)
  13 kobolds
  A leopard gecko skeleton (D:5)
  A quokka skeleton (D:4)
  6 rats
214 creatures vanquished.

Notes
Turn   | Place    | Note
-------+----------+-------------------------------------------
     0 | D:1      | PikkenKukken the Centaur Hunter began the quest for the Orb.
     0 | D:1      | Reached XP level 1. HP: 17/17 MP: 1/1
   463 | D:1      | Reached XP level 2. HP: 24/24 MP: 2/2
   558 | D:1      | Reached skill level 5 in Crossbows
   845 | D:2      | Reached XP level 3. HP: 17/29 MP: 3/3
  1136 | D:2      | Noticed Jessica
  1167 | D:1      | Reached skill level 1 in Short Blades
  1429 | D:2      | Killed Jessica
  1429 | D:2      | Reached XP level 4. HP: 23/37 MP: 4/4
  1648 | D:2      | Found a faded altar of an unknown god.
  2036 | D:2      | Reached skill level 1 in Armour
  2385 | D:2      | Reached XP level 5. HP: 39/42 MP: 5/5
  2615 | D:3      | Found a sacrificial altar of Ru.
  2970 | D:3      | Found an ancient bone altar of Kikubaaqudgha.
  3224 | D:3      | Reached skill level 6 in Crossbows
  3285 | D:3      | Reached skill level 1 in Polearms
  3736 | D:4      | Found a hide-covered altar of Uskayaw.
  3738 | D:4      | Noticed a dagger
  3738 | D:4      | Noticed a dagger
  3856 | D:4      | Noticed a centaur
  4308 | D:4      | Killed a centaur
  4308 | D:4      | Reached XP level 6. HP: 15/51 MP: 6/6
  4907 | D:5      | Entered Level 5 of the Dungeon
  5013 | D:5      | Found a staircase to the Ecumenical Temple.
  5044 | Temple   | Entered the Ecumenical Temple
  5063 | Temple   | Became a worshipper of Warmaster Okawaru
  5297 | D:5      | Found a bloodstained altar of Trog.
  5468 | D:5      | Reached skill level 7 in Crossbows
  5468 | D:5      | Reached XP level 7. HP: 59/59 MP: 7/7
  6031 | D:5      | Reached * piety under Okawaru
  6780 | D:6      | Reached skill level 5 in Fighting
  6780 | D:6      | Reached XP level 8. HP: 56/68 MP: 6/8
  7129 | D:6      | Reached ** piety under Okawaru
  7825 | D:6      | Found a burning altar of Makhleb.
  7827 | D:6      | Found a snail-covered altar of Cheibriados.
  7829 | D:6      | Found a shimmering altar of Xom.
  7990 | D:7      | Reached skill level 8 in Crossbows
  8403 | D:6      | Reached skill level 1 in Bows
  8403 | D:6      | Reached XP level 9. HP: 36/79 MP: 4/9
  8617 | D:7      | Reached *** piety under Okawaru
  8918 | D:7      | Gained mutation: Your mind is acute. (Int +2) [potion of mutation]
  8918 | D:7      | Lost mutation: Your mind is acute. (Int +2) [potion of mutation]
  8918 | D:7      | Gained mutation: You possess an exceptional clarity of mind. [potion of mutation]
  9146 | D:7      | Identified a scroll of acquirement
  9591 | D:7      | Received a gift from Okawaru
  9713 | D:7      | Found Ruptub's Weapon Boutique.
  9717 | D:7      | Bought 15 bolts for 48 gold pieces
  9951 | D:8      | Received a gift from Okawaru
 10088 | D:8      | Noticed a two-headed ogre
 10113 | D:8      | Killed a two-headed ogre
 10113 | D:8      | Reached **** piety under Okawaru
 10113 | D:8      | Reached skill level 5 in Armour
 10113 | D:8      | Reached skill level 5 in Dodging
 10293 | D:8      | Paralysed by a hornet for 2 turns
 10308 | D:8      | Paralysed by a hornet for 3 turns
 10317 | D:8      | Reached XP level 10. HP: 11/86 MP: 1/10
 11247 | D:8      | Noticed Maurice
 11378 | D:9      | Noticed Gastronok
 11431 | D:8      | Killed Maurice
 11431 | D:8      | Reached skill level 9 in Crossbows
 11644 | D:9      | Noticed kaisn's ghost (journeyman MiBe)
 11761 | D:8      | Reached ***** piety under Okawaru
 11761 | D:8      | Received a gift from Okawaru
 12597 | D:8      | Killed Gastronok
 12597 | D:8      | Reached skill level 10 in Crossbows
 13500 | D:9      | Mangled by kaisn's ghost

Skill      XL: |  1  2  3  4  5  6  7  8  9 10 |
---------------+-------------------------------+-----
Crossbows      | 5 6 7 8 10 | 10.1
Short Blades   | 1 |  1.4
Armour         | 1 2 3 5 6 |  6.6
Polearms       | 1 3 |  3.0
Fighting       | 3 4 5 7 |  7.3
Dodging        | 2 3 5 6 |  6.5
Bows           | 1 2 |  2.1
Long Blades    | |  0.3
Stealth        | |  0.4

Action                   |  1- 3 |  4- 6 |  7- 9 | 10-12 || total
-------------------------+-------+-------+-------+-------++-------
Melee: Short sword       |    58 |   141 |   202 |   106 ||   507
       Kick              |    13 |    36 |    87 |    39 ||   175
       Spear             |       |     1 |    73 |    33 ||   107
       Scimitar          |       |       |       |    15 ||    15
 Fire: Hand crossbow     |    43 |   118 |   122 |   147 ||   430
       Shortbow          |       |       |    55 |       ||    55
Invok: Heroism           |       |       |     1 |     3 ||     4
  Use: Scroll            |     3 |     7 |     5 |     1 ||    16
       Potion            |     2 |     3 |     6 |     3 ||    14
  Eat: Chunk             |     1 |    11 |     9 |     1 ||    22
       Ration            |       |       |     2 |     3 ||     5
Armor: Leather armour    |    26 |     4 |       |       ||    30
       Scale mail        |       |    16 |       |       ||    16
       Ring mail         |       |    53 |   150 |   105 ||   308
Dodge: Dodged            |    33 |    65 |   142 |    76 ||   316
